 Dungeon Crawl Stone Soup version 0.27-a0-988-g25969acef8 (webtiles) character file.

Game seed: 9569040585423569688

1 runemasterragnar the Insei (level 1, 0/17 HPs)
             Began as a Djinni Transmuter on Apr 16, 2021.
             Slain by a goblin
             ... wielding a +0 club
              (1 damage)
             ... on level 1 of the Dungeon.
             The game lasted 00:00:18 (30 turns).

runemasterragnar the Insei (Djinni Transmuter)        Turns: 30, Time: 00:00:19

Health: 0/17       AC:  2    Str:  9    XL:     1   Next: 20%
Gold:   0          EV: 12    Int: 14    God:
                   SH:  0    Dex: 13

rFire    + + .     SeeInvis .     - Unarmed
rCold    x . .     Faith    .   (no shield)
rNeg     . . .     Spirit   .   a - +0 robe
rPois    ∞         Reflect  .   (helmet currently unavailable)
rElec    .         Harm     .   (no cloak)
rCorr    .         Rampage  .   (no gloves)
Will     .....                  (boots unavailable)
Stlth    +.........             (no amulet)
HPRegen  0.05/turn              (no ring)
MPRegen  0.00/turn              (no ring)

@: appendages, flying
A: horns 2, flying, fire resistance 2, cold vulnerability 1, float, innate
caster, hp casting, extra vitality 1
a: End Transformation


You were on level 1 of the Dungeon.
You had temporarily grown beastly horns.
You visited 1 branch of the dungeon, and saw 1 of its levels.

Inventory:

Armour
 a - a +0 robe (worn)
Potions
 b - a potion of lignification {unknown}


   Skills:
 * Level 1.0 Fighting
 + Level 2.2 Dodging
 * Level 3.0 Unarmed Combat
 - Level 1.7 Spellcasting


You couldn't memorise any spells.
You knew the following spells:

 Your Spells              Type           Power      Damage    Failure   Level
a - Beastly Appendage     Tmut           12%        N/A       12%         1
b - Wereblood             Tmut           6%         N/A       19%         2
c - Spider Form           Tmut/Pois      3%         N/A       34%         3
d - Ice Form              Ice/Tmut       6%         N/A       75%         4
e - Hydra Form            Tmut           3%         N/A       97%         5
Your spell library was empty.

Dungeon Overview and Level Annotations

Branches:
Dungeon (1/15)

Altars:


Innate Abilities, Weirdness & Mutations

You have temporarily grown beastly horns.
You are flying.
You are immune to poison.
Your flesh is very heat resistant. (rF++)
You are vulnerable to cold. (rC-)
You float through the air rather than walking.
You learn spells naturally, not from books.
Your magical power is your life essence.
You have superior vitality. (+4 HP)


Message History

The bat is moderately wounded.
The bat closely misses you. The quokka closely misses you.
You hit the endoplasm.
The endoplasm is lightly wounded.
Your transformation is almost over.
The frilled lizard closely misses you. The quokka closely misses you.
Unknown command.
The bat hits you. The bat misses you. The bat barely misses you.
The endoplasm jiggles.
A goblin comes into view. It is wielding a +0 club.
The bat barely misses you.
The goblin shouts!
The bat barely misses you.
A frilled lizard comes into view.
The quokka closely misses you. The bat hits you but does no damage.
You hit the goblin but do no damage. The bat hits you but does no damage.
The frilled lizard bites you but does no damage.
The goblin completely misses you. The quokka barely misses you.
Casting: Beastly Appendage (safe; 12% risk of failure)
Confirm with . or Enter, or press ? or * to list all spells.
You extend your transformation's duration.
The bat misses you. The frilled lizard misses you.
The goblin hits you with a +0 club. The quokka bites you.
You closely miss the goblin. Your headbutt misses the goblin.
The quokka bites you.
The frilled lizard completely misses you.
The endoplasm freezes you.
You are frozen.
The goblin hits you with a +0 club.
* * * LOW HITPOINT WARNING * * *
You miss the goblin. Your headbutt misses the goblin.
The quokka bites you but does no damage.
The frilled lizard misses you. The endoplasm freezes you.
You are frozen.
You feel a terrible chill!
* * * LOW HITPOINT WARNING * * *
The goblin hits you with a +0 club.
You die...

##...>...
##........
##.......
##......#
##...)..#
##......#
##......##
###.####J.....##
#....lg@rb...##
#
#.#.####l.....##
#. ##......##
#.. ##......##
#...
##......###....
##......#.....
##...........
##.........#
##...<...##


You could see an endoplasm, a quokka, a goblin, a bat and 2 frilled lizards.

Vanquished Creatures
  A goblin (D:1)
1 creature vanquished.

Notes
Turn   | Place    | Note
-------+----------+-------------------------------------------
     0 | D:1      | runemasterragnar the Djinni Transmuter began the quest for
                  | the Orb.
     0 | D:1      | Reached XP level 1. HP: 17/17 MP: 0/0
    30 | D:1      | Slain by a goblin

Illustrated notes

Levels and vault maps discovered:
D:1:      dpeg_arrival_central, layout_loops_ring,
          ebering_ecumenical_altar_petrified, minmay_indecisive_spiral

Action                   || total
-------------------------++-------
Melee: Unarmed           ||     9
       Headbutt          ||     1
 Cast: Beastly Appendage ||     2
Armor: Robe              ||     5
Dodge: Dodged            ||    21

Table legend: (Time is in decaauts)
 A = Elapsed time spent in this place.
 B = Non-inter-level travel time spent in this place.
 C = Inter-level travel time spent in this place.
 D = Time resting spent in this place.
 E = Time spent auto-exploring this place.
 F = Levels seen in this place.
 G = Mean time per level.
                   A        B        C        D        E       F      G
               +--------+--------+--------+--------+--------+-----+--------+
         Total |     29 |     29 |      0 |      0 |      8 |   1 |   29.0 |
       Dungeon |     29 |     29 |      0 |      0 |      8 |   1 |   29.0 |
               +--------+--------+--------+--------+--------+-----+--------+

Top non-repeatable levels by time:
     D:1: 29 daAuts
